 Dungeon Crawl Stone Soup version 0.27.1 (webtiles) character file.

Game seed: 11739715406879627520

1680 nxtlvl the Cleaver (level 8, 0/66 HPs)
             Began as a Yellow Draconian Berserker on Aug 23, 2021.
             Was a Priest of Trog.
             Slain by a gnoll (13 damage)
             ... in a bailey.
             The game lasted 00:13:16 (1741 turns).

nxtlvl the Cleaver (Yellow Draconian Berserker)     Turns: 1741, Time: 00:13:16

Health: 0/66       AC:  6    Str: 19    XL:     8   Next: 71%
Magic:  8/8        EV: 13    Int:  7    God:    Trog [***...]
Gold:   106        SH:  0    Dex: 14    Spells: 7/7 levels left

rFire    . . .     SeeInvis +   a - +0 hand axe
rCold    . . .     Faith    .   (no shield)
rNeg     . . .     Spirit   .   (armour unavailable)
rPois    .         Reflect  .   (helmet restricted)
rElec    .         Harm     .   (no cloak)
rCorr    +         Rampage  .   (no gloves)
Will     .....                  (no boots)
Stlth    +.........             (no amulet)
HPRegen  0.21/turn              (no ring)
MPRegen  0.11/turn              (no ring)

@: short of breath, on berserk cooldown, slowed, very slow
A: spit acid, AC +6, unfitting armour, cold-blooded, acid resistance, horns 1,
see invisible, screaming 1
a: Breathe Acid, Renounce Religion, Berserk, Trog's Hand


You were in a bailey.
You worshipped Trog.
Trog was most pleased with you.
You visited 1 branch of the dungeon, and saw 7 of its levels.
You also visited: Bailey.

You collected 106 gold pieces.

Inventory:

Hand Weapons
 a - a +0 hand axe (weapon)
 l - a +0 hand crossbow
 y - a +1 halberd of electrocution
 A - a +3 halberd of electrocution
Missiles
 b - 113 arrows
 m - 41 bolts
 n - a curare-tipped dart (quivered)
 p - 2 silver javelins
Wands
 i - a wand of flame (10)
 j - a wand of paralysis (10)
 s - a wand of iceblast (20)
 v - a wand of mindburst (8)
 w - a wand of acid (6)
Scrolls
 c - 2 scrolls of amnesia {unknown}
 d - 2 scrolls of magic mapping {unknown}
 e - 2 scrolls of acquirement {unknown}
 f - 2 scrolls of identify {unknown}
 g - a scroll of vulnerability {unknown}
 k - a scroll of teleportation {unknown}
 r - 2 scrolls of enchant weapon {unknown}
 u - a scroll of holy word {unknown}
Potions
 h - 5 potions of curing {unknown}
 o - 2 potions of lignification
 q - a potion of mutation
 t - 2 potions of cancellation {unknown}
 x - a potion of might {unknown}
 z - 2 potions of magic {unknown}


   Skills:
 + Level 4.2 Fighting
 * Level 10.6 Axes
 + Level 3.5 Dodging
 + Level 2.2 Evocations


You had 7 spell levels left.
You didn't know any spells.
Your spell library was empty.

Dungeon Overview and Level Annotations

Branches:
Dungeon (7/15)             Temple (0/1) D:6          Bailey (1/1)

Altars:
Qazlal


Innate Abilities, Weirdness & Mutations

You can spit globs of acid.
Your golden yellow scales are hard. (AC +6)
You cannot fit into any form of body armour.
You are cold-blooded and may be slowed by cold attacks.
You are resistant to acid. (rCorr)
You have a pair of small horns on your head.
You have supernaturally acute eyesight. (SInv)
You occasionally shout uncontrollably at your foes.


Message History

The hobgoblin shouts!
The gnoll shouts!
The hobgoblin misses you.
There is an open door here.
Things that are here:
a +1 halberd of electrocution; a gnoll corpse You closely miss the hobgoblin.
You headbutt the hobgoblin.
You kill the hobgoblin!
Trog accepts your kill.
The hobgoblin throws a boomerang.
The boomerang closely misses you.
You see here a +3 halberd of electrocution.
Press: ? - help, v - describe, . - travel, g - get item
Items here: a +1 halberd of electrocution; a gnoll corpse.
An open door.
A - a +3 halberd of electrocution You feel a strong urge to attack something.
You are no longer berserk.
You are exhausted.
You feel yourself slow down.
There is an open door here.
You close the door.
A hobgoblin opens the door.
There is an open door here.
The hobgoblin hits you.
You hit the hobgoblin but do no damage. The gnoll barely misses you.
The hobgoblin hits you but does no damage.
The gnoll misses you.
You hit the hobgoblin but do no damage. Your headbutt misses the hobgoblin.
The hobgoblin misses you. The gnoll barely misses you.
You slash the hobgoblin!
You kill the hobgoblin!
Trog accepts your kill.
The gnoll hits you from afar with a +2 halberd of electrocution!
You are electrocuted!!
* * * LOW HITPOINT WARNING * * *
The gnoll closely misses you.
You see here 4 boomerangs.
You hit the gnoll. You tail-slap the gnoll.
The gnoll is heavily wounded.
The gnoll hits you with a +2 halberd of electrocution!
You die...

##### ### ###
#()g###.###∩#
#'###g##'##'##
.. ##@.(..##
..g
###...((###
.g⌠
#.'..∩..'.# .g
###.....### .
##.....#
##'##'##'#
#.###.# #.#
#### ### ##
#g#


You could see a gnoll and a hobgoblin.

Vanquished Creatures
  Prince Ribbit (D:6)
  Menkaure (D:7)
  An ice beast (D:6)
  4 ogres
  A phantom (D:7)
  A kobold brigand (D:6)
  A bullfrog (D:7)
  2 scorpions (D:5)
  A water moccasin zombie (D:6)
  3 electric eels (D:4)
  A howler monkey (D:5)
  A hound (D:5)
  An orc priest (D:5)
  2 centaur skeletons
  A gnoll shaman (D:6)
  A bullfrog skeleton (D:6)
  3 iguanas
  An orc wizard (D:5)
  A hound zombie (D:5)
  8 gnolls
  2 adders
  An ufetubus (D:4)
  An adder skeleton (D:4)
  An adder zombie (D:5)
  4 orcs (D:5)
  A ball python (D:1)
  An endoplasm (D:1)
  2 giant cockroaches (D:1)
  4 goblins
  4 hobgoblins
  10 kobolds
  A bat (D:1)
68 creatures vanquished.

Vanquished Creatures (others)
  3 plants (D:4)
3 creatures vanquished.

Grand Total: 71 creatures vanquished

Notes
Turn   | Place    | Note
-------+----------+-------------------------------------------
     0 | D:1      | nxtlvl the Draconian Berserker began the quest for the Orb.
     0 | D:1      | Reached XP level 1. HP: 19/19 MP: 1/1
   118 | D:1      | Reached XP level 2. HP: 14/26 MP: 2/2
   259 | D:5      | Entered Level 5 of the Dungeon
   259 | D:5      | Noticed an ogre
   264 | D:5      | Killed an ogre
   265 | D:5      | Reached skill level 5 in Axes
   265 | D:5      | Reached XP level 3. HP: 16/31 MP: 3/3
   265 | D:5      | Reached XP level 4. HP: 20/38 MP: 4/4
   295 | D:4      | Found a transporter.
   304 | D:4      | Found a transporter.
   332 | D:4      | HP: 1/38 [electric eel/bolt of electricity (4)]
   335 | D:4      | Reached XP level 5. HP: 1/45 MP: 5/5
   341 | D:4      | Gained mutation: You occasionally shout uncontrollably at
                  | your foes. [potion of mutation]
   341 | D:4      | Gained mutation: You have a pair of small horns on your
                  | head. [potion of mutation]
   341 | D:4      | Gained mutation: You have supernaturally acute eyesight.
                  | (SInv) [potion of mutation]
   384 | D:4      | Reached skill level 6 in Axes
   582 | D:5      | Reached XP level 6. HP: 51/51 MP: 6/6
   692 | D:5      | Reached skill level 7 in Axes
   775 | D:5      | Reached ** piety under Trog
   792 | D:5      | Reached skill level 8 in Axes
   795 | D:5      | Your scales start taking on a golden yellow colour.
   795 | D:5      | Reached XP level 7. HP: 57/57 MP: 7/7
   795 | D:5      | Gained mutation: You are resistant to acid. (rCorr) [Yellow
                  | Draconian growth]
   943 | D:6      | Reached skill level 9 in Axes
  1064 | D:6      | Noticed Prince Ribbit
  1068 | D:6      | Killed Prince Ribbit
  1069 | D:6      | Reached skill level 10 in Axes
  1069 | D:6      | Reached XP level 8. HP: 63/63 MP: 8/8
  1153 | D:6      | Found a staircase to the Ecumenical Temple.
  1308 | D:7      | Reached skill level 1 in Evocations
  1414 | D:7      | Found a stormy altar of Qazlal.
  1610 | D:7      | Found a flagged portal.
  1610 | D:7      | Noticed Menkaure
  1619 | D:7      | Killed Menkaure
  1682 | Bailey   | Entered a bailey
  1692 | Bailey   | Reached *** piety under Trog
  1741 | Bailey   | Slain by a gnoll

Illustrated notes

Levels and vault maps discovered:
D:1:      roderic_dead_forest, layout_basic, dilly_ecumenical_altar_fadedgnrine,
          minmay_tree_intersection
D:2:      layout_loops_ring, kennysheep_cluttered_room,
          chequers_serial_rivers_large_b, hangedman_decor_points,
          kennysheep_potato
D:3:      layout_basic, lemuel_coloured_pillars_altar, uniq_crazy_yiuf_cottage
D:4:      gammafunk_steamed_eel, layout_gridville, chequers_jeans,
          uniq_eustachio
D:5:      kennysheep_spiral_hall, layout_basic, dk_yredelemnul_ordeal,
          cheibrodos_sewer_entry_sluice, minmay_shop_grid_forest,
          hangedman_glass_teeth
D:6:      layout_layer_cave, slow_altar_2, grunt_temple_overflow_open,
          minmay_temple_entry_nine_rooms, uniq_prince_ribbit1
D:7:      layout_loops_cross, lemuel_tele_altar, zin_angel,
          nicolae_overflow_hidden_temple, enter_bailey_7, uniq_menkaure
Bailey:   bailey_axe_2, bailey

Skill      XL: |  1  2  3  4  5  6  7  8 |
---------------+-------------------------+-----
Axes           | 5 6 8 10 | 10.6
Dodging        | 3 |  3.5
Evocations     | 2 |  2.2
Fighting       | 4 |  4.2

Action                   |  1- 3 |  4- 6 |  7- 9 || total
-------------------------+-------+-------+-------++-------
Melee: Hand axe          |    30 |    53 |   103 ||   186
       Tailslap          |     3 |     9 |    17 ||    29
       Headbutt          |       |     8 |    22 ||    30
Invok: Berserk           |     1 |     4 |     7 ||    12
 Abil: Breathe Acid      |       |       |     5 ||     5
Evoke: Wand              |       |     9 |     2 ||    11
  Use: Potion            |       |     2 |       ||     2
Armor: Skin              |     9 |    10 |    25 ||    44
Dodge: Dodged            |    16 |    33 |    66 ||   115
